[Event "Titled Tuesday Blitz February 22 Late 2022"]
[White "Petrovic, Aleksa"]
[Black "Hakemi, Arman"]
[WhiteFideId "967629"]
[BlackFideId "22520805"]
[WhiteElo "2139"]
[BlackElo "2208"]
[Result "0-1"]
[Round "06"]
[TimeControl "180+1"]
[Date "2022.02.23"]
[WhiteClock "0:00:07"]
[BlackClock "0:02:01"]

1. e4 c5 2. Nf3 e6 3. d4 cxd4 4. Nxd4 Nc6 5. Nc3 Qc7 6. Be3 a6 7. Qf3 Nf6 8. O-O-O Ne5 9. Qg3 b5 10. Bxb5 axb5 11. Ndxb5 Qb8 12. Bf4 d6 13. Rxd6 Nh5 14. Qg5 Bxd6 15. Nxd6+ Qxd6 16. Bxe5 Ra5 17. f4 Nxf4 18. Bxd6 Rxg5 19. Bxf4 Rxg2 20. a4 f5 21. exf5 exf5 22. Nb5 Kf7 23. Re1 g5 24. Nd6+ Kg6 25. Be5 Rf8 26. a5 f4 27. Nxc8 Rxc8 28. c3 f3 29. a6 f2 30. Rd1 Rg1 31. a7 Rxd1+ 32. Kxd1 f1=Q+ 33. Kc2 Qe2+ 0-1


[Site "https://www.chess.com"]

[Event "Titled Tuesday Blitz February 22 Late 2022"]
[White "Piesik, Piotr"]
[Black "Bachmann, Axel"]
[WhiteFideId "1136194"]
[BlackFideId "3700488"]
[WhiteElo "2232"]
[BlackElo "2642"]
[Result "0-1"]
[Round "06"]
[TimeControl "180+1"]
[Date "2022.02.22"]
[WhiteClock "0:01:48"]
[BlackClock "0:01:01"]

1. Nf3 Nf6 2. g3 d5 3. Bg2 Bg4 4. O-O Nbd7 5. d3 c6 6. Nbd2 e5 7. e4 dxe4 8. dxe4 Be7 9. h3 Bh5 10. Qe1 O-O 11. Nh4 Re8 12. Nf5 Bf8 13. Nb3 Nc5 14. Nxc5 Bxc5 15. g4 Bg6 16. Ng3 h5 17. Bg5 hxg4 18. hxg4 Be7 19. Rd1 Qb6 20. b3 Nxg4 21. Bxe7 Rxe7 22. Rd6 Rd8 23. Qd2 Ree8 24. Bf3 Nf6 25. Rd1 Rxd6 26. Qxd6 Qa5 27. a4 Qc3 28. Qd3 Qxd3 29. cxd3 Rd8 30. Kf1 Rd4 31. Ke2 Nd7 32. Rb1 Nc5 0-1


[Site "https://www.chess.com"]

[Event "Titled Tuesday Blitz February 22 Late 2022"]
[White "Pinheiro, Iung Alicio de O."]
[Black "Chernomordik, Pavel"]
[WhiteFideId "2104350"]
[BlackFideId "2804530"]
[WhiteElo "2587"]
[BlackElo "2249"]
[Result "1-0"]
[Round "06"]
[TimeControl "180+1"]
[Date "2022.02.23"]
[WhiteClock "0:00:18"]
[BlackClock "0:00:02"]

1. e4 g6 2. d4 Bg7 3. Nc3 d6 4. Be3 a6 5. h4 h6 6. f4 b5 7. h5 gxh5 8. e5 b4 9. Ne4 Bg4 10. Be2 Qd7 11. Ng3 Nc6 12. Nxh5 Bxh5 13. Bxh5 d5 14. Bg4 e6 15. Ne2 Nge7 16. Ng3 O-O-O 17. Qd3 Kb7 18. f5 Bxe5 19. dxe5 Nxe5 20. Qe2 Nxg4 21. Qxg4 Nc6 22. fxe6 fxe6 23. O-O-O Rhg8 24. Qh3 Ne5 25. Nh5 Qa4 26. Kb1 Nc4 27. Bc1 Qc6 28. Rhe1 Rd6 29. Nf4 e5 30. Nd3 e4 31. Nxb4 Qb5 32. a3 a5 33. Na2 Rxg2 34. Qxg2 Nxa3+ 35. Ka1 Rb6 36. Qe2 Nc4 37. b3 a4 38. Be3 axb3 39. cxb3 Qxb3 40. Rb1 Qxe3 41. Qxe3 Nxe3 42. Rxb6+ Kxb6 43. Rxe3 Kc5 44. Kb2 Kd4 45. Rh3 c5 46. Nc3 e3 47. Kc2 c4 48. Rh5 1-0


[Site "https://www.chess.com"]

[Event "Titled Tuesday Blitz February 22 Late 2022"]
[White "Ponkratov, Pavel"]
[Black "Yuan, Qingyu"]
[WhiteFideId "4157800"]
[BlackFideId "8609772"]
[WhiteElo "2487"]
[BlackElo "2359"]
[Result "1-0"]
[Round "06"]
[TimeControl "180+1"]
[Date "2022.02.22"]
[WhiteClock "0:00:24"]
[BlackClock "0:00:03"]

1. d4 d5 2. c4 e6 3. Nf3 Nf6 4. Nc3 a6 5. c5 b6 6. cxb6 c5 7. Bf4 Bd6 8. Bxd6 Qxd6 9. dxc5 Qxc5 10. Qd4 Qd6 11. e4 Nc6 12. Qa4 O-O 13. Rd1 Bd7 14. Be2 Nb4 15. Qa5 Nc6 16. Qa4 Nb4 17. Qb3 Qxb6 18. e5 Ng4 19. O-O Rfb8 20. Rd4 Nh6 21. Rb1 Nf5 22. Rd2 h6 23. Qd1 Bb5 24. Nxb5 axb5 25. a3 Nc6 26. Bd3 Nfe7 27. Rc1 b4 28. a4 b3 29. Bb5 Na7 30. Nd4 Rc8 31. Rxc8+ Rxc8 32. Bf1 Nac6 33. Qxb3 Qa5 34. Nxc6 Nxc6 35. Rc2 Rb8 36. Qa3 Nd4 37. Rc1 Nb3 38. Rc3 Nd2 39. Bd3 g6 40. h3 d4 41. Rc5 Qb6 42. Rb5 Qc7 43. Qc5 Qxc5 44. Rxc5 Rxb2 45. Kh2 Ra2 46. a5 Ra3 47. a6 Kg7 48. Bb5 Ra5 49. Rc8 Rxb5 50. a7 Ra5 51. a8=Q Rxa8 52. Rxa8 Nc4 53. Rd8 Nxe5 54. Rxd4 g5 55. Kg1 Nc6 56. Rc4 Ne7 57. Ra4 Nd5 58. Kf1 Nf4 59. Ra8 Kg6 60. Kg1 Kf6 61. Kh2 Kg6 62. g3 Nd3 63. Kg2 Ne5 64. Ra5 Nd7 65. Kf3 Nf6 66. Ra8 Nd5 67. Ke4 Nf6+ 68. Ke5 Nd7+ 69. Kd6 Nb6 70. Rg8+ Kf6 71. Rh8 Kg7 72. Rb8 Nd5 73. Ra8 Kf6 74. Ra7 Nb4 75. Kd7 Kg6 76. Ke8 f6 77. Kf8 h5 78. Re7 Kf5 79. Kg7 h4 80. g4+ Ke5 81. Kf7 Nd5 82. Rxe6+ Kf4 83. Rd6 Nc3 84. Rxf6+ Ke4 85. Rf5 Nd5 86. Rxd5 Kxd5 87. Kg6 Ke4 88. Kxg5 Kf3 89. Kxh4 1-0


[Site "https://www.chess.com"]

[Event "Titled Tuesday Blitz February 22 Late 2022"]
[White "Przybylski, Wojciech"]
[Black "volunteers1998"]
[WhiteFideId "1117599"]
[WhiteElo "2133"]
[BlackElo "2265"]
[Result "1-0"]
[Round "06"]
[TimeControl "180+1"]
[Date "2022.02.23"]
[WhiteClock "0:00:51"]
[BlackClock "0:00:01"]

1. e4 c5 2. Nf3 Nc6 3. d4 cxd4 4. Nxd4 Nf6 5. Nc3 e5 6. Ndb5 d6 7. Nd5 Nxd5 8. exd5 Nb8 9. c4 Be7 10. g3 O-O 11. Bg2 f5 12. O-O a6 13. Nc3 Nd7 14. f4 e4 15. Be3 Nc5 16. Rf2 Bf6 17. Rd2 Bd7 18. Bf1 a5 19. Nb5 Bxb5 20. cxb5 b6 21. g4 g6 22. g5 Bg7 23. h4 Rc8 24. h5 Rf7 25. h6 Bh8 26. Rc1 Rfc7 27. Rc4 Nd7 28. Rc6 Nc5 29. Bc4 Rb8 30. Qc2 Qe7 31. b3 Rcc8 32. Kf2 Rc7 33. Kg3 Rcb7 34. a3 Rc7 35. b4 axb4 36. axb4 Nd3 37. Rxc7 Qxc7 38. Bxd3 Rc8 39. Qxc7 Rxc7 40. Rc2 Rc3 41. Rxc3 Bxc3 42. Bc4 Bxb4 43. Bxb6 Kf7 44. Be3 Be1+ 45. Kg2 Ke8 46. Kh1 Kd7 47. Kg1 Kc7 48. Kh1 Kd7 49. Kg2 Kc7 50. Kf1 Bg3 51. Ke2 Bh2 52. Kf2 Kb7 53. Be2 Kc7 54. Kg2 Bxf4 55. Bxf4 Kb6 56. Be3+ Kb7 57. Kg3 Kc7 58. Kf4 Kb7 59. Bh5 gxh5 60. g6 1-0


[Site "https://www.chess.com"]

[Event "Titled Tuesday Blitz February 22 Late 2022"]
[White "Pultinevicius, Paulius"]
[Black "Kollars, Dmitrij"]
[WhiteFideId "12809390"]
[BlackFideId "12909572"]
[WhiteElo "2413"]
[BlackElo "2584"]
[Result "1/2-1/2"]
[Round "06"]
[TimeControl "180+1"]
[Date "2022.02.22"]
[WhiteClock "0:00:09"]
[BlackClock "0:00:08"]

1. d4 Nf6 2. c4 e6 3. Nf3 d5 4. g3 Be7 5. Bg2 O-O 6. O-O dxc4 7. Qa4 b6 8. Qxc4 Bb7 9. Nc3 Nbd7 10. Rd1 c5 11. Bf4 Rc8 12. Qa4 a6 13. Ne5 b5 14. Qb3 Bxg2 15. Kxg2 Qb6 16. Nxd7 Nxd7 17. d5 c4 18. Qc2 e5 19. Be3 Bc5 20. Bd2 f5 21. Be1 e4 22. b3 Ne5 23. bxc4 Nxc4 24. Qb3 Qg6 25. d6 f4 26. d7 f3+ 27. exf3 exf3+ 28. Kh1 Rcd8 29. Nxb5 axb5 30. Qxb5 Ne3 31. fxe3 f2 32. Qc4+ Kh8 33. Ba5 Qc6+ 34. e4 Rxd7 35. Rxd7 Qxd7 36. Kg2 Qg4 37. Qd3 h5 38. Rf1 h4 39. h3 Qg6 40. Bc7 Re8 41. Qd5 Qxe4+ 42. Qxe4 Rxe4 43. gxh4 Rxh4 44. Bg3 Ra4 45. Bxf2 Rxa2 46. Kg3 Ra3+ 47. Kg2 Bd6 48. Re1 Ra2 49. Re8+ Kh7 50. Re1 Bc5 51. Rf1 Kg6 52. Kf3 Ra3+ 53. Kg4 Ra4+ 54. Kf3 Bd6 55. Rg1+ Kh7 56. Rd1 Be5 57. Rd3 Bf6 58. Bg3 Kg6 59. Re3 Kf5 60. Kg2 Ra2+ 61. Kf3 Rc2 62. Rd3 Rc5 63. Rb3 Kg6 64. Rd3 Rf5+ 65. Kg2 Rg5 66. Rf3 Be5 67. Kf2 Bd4+ 68. Kg2 Kh5 69. Rd3 Be5 70. Kf2 Rf5+ 71. Rf3 Bxg3+ 72. Kxg3 Rxf3+ 73. Kxf3 Kh4 74. Kg2 g5 75. Kh2 g4 76. hxg4 Kxg4 1/2-1/2


[Site "https://www.chess.com"]

[Event "Titled Tuesday Blitz February 22 Late 2022"]
[White "Romanchuk, Viktor"]
[Black "Aigner, Michael"]
[WhiteFideId "14109271"]
[BlackFideId "2017288"]
[WhiteElo "2242"]
[BlackElo "2410"]
[Result "1-0"]
[Round "06"]
[TimeControl "180+1"]
[Date "2022.02.23"]
[WhiteClock "0:00:59"]
[BlackClock "0:00:57"]

1. d4 f5 2. Nc3 d5 3. f3 Nf6 4. Bg5 Nc6 5. Qd2 e6 6. e4 dxe4 7. O-O-O Be7 8. fxe4 Nxe4 9. Nxe4 fxe4 10. Nh3 O-O 11. Bb5 Bd7 12. Rhe1 Nb4 13. Bxe7 Qxe7 14. Bxd7 Nxa2+ 15. Kb1 Qxd7 16. Kxa2 Qa4+ 17. Kb1 Rf5 18. Re3 Raf8 19. Rde1 a6 20. Ra3 Qc6 21. Rc3 Qd6 22. Rxe4 Qxh2 23. Rxe6 h6 24. Rce3 Rf1+ 25. Re1 Qh1 26. Ka2 R8f5 27. d5 Qh2 28. Re8+ Kh7 29. Rxf1 1-0


[Site "https://www.chess.com"]

[Event "Titled Tuesday Blitz February 22 Late 2022"]
[White "Romero Ruscalleda, Josep"]
[Black "Vusatiuk, Vladimir"]
[WhiteFideId "2231859"]
[BlackFideId "14118610"]
[WhiteElo "2375"]
[BlackElo "2157"]
[Result "1-0"]
[Round "06"]
[TimeControl "180+1"]
[Date "2022.02.23"]
[WhiteClock "0:00:20"]
[BlackClock "0:00:01"]

1. e4 c5 2. c3 Nf6 3. e5 Nd5 4. Nf3 Nc6 5. Bc4 Nb6 6. Bb3 c4 7. Bc2 d5 8. exd6 e5 9. O-O Bxd6 10. h3 O-O 11. d3 Bf5 12. dxc4 Bxc2 13. Qxc2 Nxc4 14. Nbd2 Nxd2 15. Nxd2 Qe7 16. Nc4 Bc7 17. b3 Rfd8 18. Re1 f6 19. Ba3 Qf7 20. Qe4 Qd5 21. Qg4 Qd7 22. Ne3 Qxg4 23. hxg4 Bb6 24. Nc4 Bc7 25. Rad1 Kf7 26. Bd6 Rac8 27. Kf1 Ke6 28. Bxc7 Rxd1 29. Rxd1 Rxc7 30. Ke2 Ne7 31. Rd6+ Kf7 32. Kd3 Nc6 33. Ne3 Ne7 34. b4 e4+ 35. Kxe4 Rxc3 36. Rd7 Ke6 37. Rxb7 Ra3 38. f4 g6 39. f5+ gxf5+ 40. gxf5+ Kf7 41. Nd5 Rxa2 42. Rxe7+ Kf8 43. Rxh7 Rxg2 44. Nxf6 Rb2 45. Nd5 a6 46. Ke5 Kg8 47. Ra7 Ra2 48. Kf6 Rd2 49. Ne7+ Kh7 50. Ng6+ Kh6 51. Nf8 Kh5 52. Ne6 Rc2 53. Rg7 Rb2 54. Rg5+ Kh6 55. Rg4 Kh5 56. Rc4 Rb3 57. Ng7+ Kh6 58. Rh4# 1-0


[Site "https://www.chess.com"]

[Event "Titled Tuesday Blitz February 22 Late 2022"]
[White "Rorrer, Grayson"]
[Black "Svane, Rasmus"]
[WhiteFideId "30944996"]
[BlackFideId "4657101"]
[WhiteElo "2122"]
[BlackElo "2645"]
[Result "0-1"]
[Round "06"]
[TimeControl "180+1"]
[Date "2022.02.22"]
[WhiteClock "0:00:09"]
[BlackClock "0:00:16"]

1. e4 c6 2. d4 d5 3. exd5 cxd5 4. Bd3 Nc6 5. c3 Nf6 6. h3 e5 7. dxe5 Nxe5 8. Nf3 Nxd3+ 9. Qxd3 Bd6 10. O-O O-O 11. Bg5 h6 12. Bxf6 Qxf6 13. Nbd2 Rd8 14. Rfe1 Be6 15. Rad1 a6 16. Nd4 Bd7 17. Nf1 Ba4 18. Rd2 Re8 19. Rde2 Rxe2 20. Rxe2 Rd8 21. Qf5 Qxf5 22. Nxf5 Bc5 23. Rd2 b6 24. N1e3 Bc6 25. Nd4 Bb7 26. Kf1 g6 27. Ke1 h5 28. Ndc2 Kg7 29. a3 a5 30. b4 Be7 31. c4 dxc4 32. Nxc4 Rxd2 33. Kxd2 Bxg2 34. Nxb6 axb4 35. Nxb4 Bxh3 36. N6d5 Bc5 37. a4 h4 38. Nd3 Ba7 39. Ne3 Bd7 40. a5 h3 41. Nf1 Bb5 0-1


[Site "https://www.chess.com"]

[Event "Titled Tuesday Blitz February 22 Late 2022"]
[White "Sadhwani, Raunak"]
[Black "Gupta, Abhijeet"]
[WhiteFideId "35093487"]
[BlackFideId "5010608"]
[WhiteElo "2616"]
[BlackElo "2549"]
[Result "0-1"]
[Round "06"]
[TimeControl "180+1"]
[Date "2022.02.22"]
[WhiteClock "0:00:02"]
[BlackClock "0:00:32"]

1. d4 Nf6 2. Nf3 g6 3. Nc3 d5 4. Bf4 Bg7 5. Nb5 Na6 6. e3 O-O 7. h3 Ne4 8. c3 c6 9. Na3 f6 10. Bh2 e5 11. Bd3 Bf5 12. O-O Qe7 13. Nc2 Rad8 14. Bxa6 bxa6 15. Nb4 Qb7 16. Nd3 c5 17. dxc5 Rc8 18. Qb3 Qc6 19. Nb4 Qxc5 20. Qxd5+ Rf7 21. Rfd1 a5 22. Qxc5 Nxc5 23. Nd5 Na4 24. Rd2 Rb7 25. b3 Nxc3 26. Nxc3 Rxc3 27. Rad1 h5 28. Ne1 Rbc7 29. Bg3 g5 30. h4 g4 31. Kf1 Kf7 32. Ke2 Kg6 33. f3 Bf8 34. Bf2 Bb4 35. e4 Bc8 36. Nd3 Ba6 37. Be3 Rd7 38. fxg4 hxg4 39. g3 Kh5 40. Bf2 Rc8 41. Rb2 Rcd8 0-1


[Site "https://www.chess.com"]

[Event "Titled Tuesday Blitz February 22 Late 2022"]
[White "Salimova, Nurgyul"]
[Black "Nesterov, Arseniy"]
[WhiteFideId "2915138"]
[BlackFideId "24198455"]
[WhiteElo "2185"]
[BlackElo "2489"]
[Result "0-1"]
[Round "06"]
[TimeControl "180+1"]
[Date "2022.02.22"]
[WhiteClock "0:00:04"]
[BlackClock "0:00:30"]

1. d4 d5 2. Nf3 Nf6 3. Bf4 Bf5 4. e3 e6 5. Nbd2 Bd6 6. Bg3 O-O 7. c3 c5 8. Be2 Nc6 9. O-O h6 10. Ne5 Qc7 11. f4 Ne4 12. Nxe4 Bxe4 13. Bd3 Bxd3 14. Qxd3 f5 15. Nxc6 bxc6 16. c4 Rab8 17. b3 a5 18. Rac1 Qa7 19. Be1 a4 20. b4 cxb4 21. cxd5 cxd5 22. Rc6 Rfd8 23. Ra6 Qd7 24. g4 Ra8 25. gxf5 exf5 26. Bd2 Rxa6 27. Qxa6 Rb8 28. Rb1 b3 29. axb3 axb3 30. Qd3 b2 31. Bc3 Ba3 32. Qa6 Qe7 33. Bd2 Qe4 34. Qf1 Rc8 35. Re1 Rc2 36. Qf2 Bb4 37. Bxb4 Rxf2 38. Kxf2 b1=Q 39. Rxb1 Qxb1 40. Bd2 Kf7 0-1


[Site "https://www.chess.com"]

[Event "Titled Tuesday Blitz February 22 Late 2022"]
[White "Sanchez Alvares, Kelvin Antonio"]
[Black "Hoffmann, Asa"]
[WhiteFideId "3906680"]
[BlackFideId "2001470"]
[WhiteElo "2193"]
[BlackElo "2117"]
[Result "0-1"]
[Round "06"]
[TimeControl "180+1"]
[Date "2022.02.23"]
[WhiteClock "0:00:11"]
[BlackClock "0:00:45"]

1. d4 Nf6 2. c4 c5 3. d5 e5 4. Nc3 d6 5. e4 Be7 6. h3 Nbd7 7. Bd3 Nf8 8. Nge2 Ng6 9. g3 O-O 10. Be3 a6 11. a4 b6 12. Qc2 Ne8 13. f4 exf4 14. gxf4 Bh4+ 15. Kd2 Qe7 16. Rag1 Bd7 17. Kc1 f5 18. Bd2 fxe4 19. Bxe4 Nf6 20. Bd3 Rae8 21. Kb1 Bf2 22. Rg2 Be3 23. Bxg6 hxg6 24. Bxe3 Qxe3 25. Qxg6 Rf7 26. Ka2 b5 27. Rg3 Qe7 28. cxb5 axb5 29. axb5 Ra8+ 30. Kb3 c4+ 31. Kxc4 Be8 32. Kb3 Qb7 33. Qd3 Rb8 34. Rd1 Nd7 35. Kc2 Nc5 36. Qc4 Re7 37. Nd4 Ne4 38. Nc6 Nxg3 39. Rg1 Nf5 40. Rg5 Ne3+ 0-1


[Site "https://www.chess.com"]

[Event "Titled Tuesday Blitz February 22 Late 2022"]
[White "Saraci, Nderim"]
[Black "Paravyan, David"]
[WhiteFideId "6351921"]
[BlackFideId "4194985"]
[WhiteElo "2573"]
[BlackElo "2569"]
[Result "1/2-1/2"]
[Round "06"]
[TimeControl "180+1"]
[Date "2022.02.22"]
[WhiteClock "0:00:38"]
[BlackClock "0:00:41"]

1. d4 Nf6 2. Nf3 g6 3. c4 Bg7 4. g3 c6 5. Bg2 d5 6. cxd5 cxd5 7. Ne5 Ne4 8. Nd2 Nf6 9. Nb1 Ne4 10. Nd2 Nxd2 11. Bxd2 O-O 12. O-O Nc6 13. Nxc6 bxc6 14. Bb4 Re8 15. e3 e5 16. dxe5 Bxe5 17. Qd2 h5 18. h4 Bd7 19. Bc3 Qf6 20. Rac1 a5 21. Rfd1 a4 22. Bxe5 Qxe5 23. Qd4 Qxd4 24. Rxd4 Reb8 25. Rd2 Ra6 26. e4 Be6 27. exd5 cxd5 28. Rcd1 Rab6 29. Bxd5 Bxd5 30. Rxd5 Rxb2 31. Ra5 Rxa2 32. Rd4 a3 33. Rd3 Rbb2 34. Rf3 Rb7 35. Raxa3 Rxa3 36. Rxa3 Kg7 1/2-1/2


[Site "https://www.chess.com"]

[Event "Titled Tuesday Blitz February 22 Late 2022"]
[White "Savchenko, Boris"]
[Black "Hasangatin, Ramil"]
[WhiteFideId "4147332"]
[BlackFideId "4122160"]
[WhiteElo "2512"]
[BlackElo "2375"]
[Result "1-0"]
[Round "06"]
[TimeControl "180+1"]
[Date "2022.02.22"]
[WhiteClock "0:01:07"]
[BlackClock "0:01:04"]

1. e4 d5 2. exd5 Qxd5 3. Nc3 Qd6 4. d4 Nf6 5. Nf3 c6 6. Be3 Bg4 7. Bc4 Nbd7 8. Qd2 Bxf3 9. gxf3 e6 10. O-O-O Qb4 11. Bb3 Qa5 12. Qe2 Be7 13. h4 g6 14. Bg5 Qd8 15. Kb1 O-O 16. f4 Nb6 17. h5 Nbd5 18. hxg6 hxg6 19. Qe5 Bd6 20. Bxf6 Nxf6 21. Qg5 1-0


[Site "https://www.chess.com"]

[Event "Titled Tuesday Blitz February 22 Late 2022"]
[White "Shirov, Alexei"]
[Black "Sevian, Samuel"]
[WhiteFideId "2209390"]
[BlackFideId "2040506"]
[WhiteElo "2645"]
[BlackElo "2698"]
[Result "0-1"]
[Round "06"]
[TimeControl "180+1"]
[Date "2022.02.22"]
[WhiteClock "0:00:17"]
[BlackClock "0:01:39"]

1. d4 Nf6 2. Nf3 b5 3. Bg5 Bb7 4. Nbd2 c5 5. dxc5 e6 6. e4 Bxc5 7. e5 h6 8. exf6 hxg5 9. fxg7 Rg8 10. Nb3 Bb6 11. Bxb5 Qf6 12. O-O g4 13. Nfd4 Rxg7 14. Qd3 Rg5 15. Rad1 Rh5 16. Qg3 Qh6 17. Rfe1 Kf8 18. Be2 Na6 19. Bxg4 Bc7 20. Bxh5 Bxg3 21. hxg3 Qxh5 22. c4 Kg7 23. f3 Rc8 24. Nb5 Rh8 25. Kf2 Nc5 26. Nd6 Nxb3 27. axb3 Qc5+ 28. Re3 Bc6 0-1


[Site "https://www.chess.com"]

[Event "Titled Tuesday Blitz February 22 Late 2022"]
[White "Sliwicki, Damian"]
[Black "Kim, Sergey"]
[WhiteFideId "1127128"]
[BlackFideId "13700570"]
[WhiteElo "2084"]
[BlackElo "2628"]
[Result "1-0"]
[Round "06"]
[TimeControl "180+1"]
[Date "2022.02.23"]
[WhiteClock "0:00:02"]
[BlackClock "0:00:01"]

1. e4 e5 2. Nf3 Nc6 3. d4 exd4 4. Bc4 Nf6 5. O-O Nxe4 6. Nc3 Nxc3 7. bxc3 d5 8. Bb5 Be7 9. Re1 O-O 10. Bxc6 bxc6 11. cxd4 Bd6 12. Ne5 Qh4 13. g3 Qh3 14. Nxc6 Bg4 15. Qd3 Rae8 16. Ba3 Bf5 17. Qc3 Be4 18. f3 Bxg3 19. hxg3 Qxg3+ 20. Kf1 Bxf3 21. Qd2 Be2+ 22. Rxe2 Qf3+ 23. Ke1 Rxe2+ 24. Qxe2 Qxa3 25. Qd3 Qd6 26. Ne5 f6 27. Nf3 Qg3+ 28. Kd2 g5 29. Rg1 Qf4+ 30. Kc3 Re8 31. Re1 Rxe1 32. Nxe1 g4 33. Qb5 Qe3+ 34. Nd3 Qe4 35. Qc6 g3 36. Qxf6 g2 37. Qg5+ Kf7 38. Ne5+ Ke6 39. Qg8+ Kf5 40. Qxh7+ Kf4 41. Qh4+ Ke3 42. Qe1+ Kf4 43. Qh4+ Ke3 44. Qe1+ Kf4 45. Nd3+ Kf3 46. Qf2+ Kg4 47. Qg1 Kf3 48. Ne1+ Kg3 49. Nd3 Qf3 50. Qe1+ Kh2 51. Qh4+ Kg1 52. Qe1+ Kh2 53. Kb4 1-0


[Site "https://www.chess.com"]

[Event "Titled Tuesday Blitz February 22 Late 2022"]
[White "Tanenbaum, Zachary"]
[Black "Budrewicz, Krzysztof"]
[WhiteFideId "2060850"]
[BlackFideId "1127950"]
[WhiteElo "2168"]
[BlackElo "2248"]
[Result "1-0"]
[Round "06"]
[TimeControl "180+1"]
[Date "2022.02.23"]
[WhiteClock "0:00:59"]
[BlackClock "0:01:08"]

1. e4 c5 2. Nf3 e6 3. d4 cxd4 4. Nxd4 Nc6 5. Nc3 Qc7 6. g3 a6 7. Bg2 Nf6 8. O-O Nxd4 9. Qxd4 Bc5 10. Bf4 d6 11. Qd2 e5 12. Bg5 Bb4 13. Bxf6 Bxc3 14. bxc3 gxf6 15. Rad1 Ke7 16. f4 Be6 17. Kh1 Qc5 18. fxe5 fxe5 19. Qg5+ Kd7 20. Qh5 Rad8 21. Bh3 Kc8 22. Rxf7 Bxh3 23. Qxh3+ Kb8 24. Rb1 b5 25. Qh4 Rhf8 26. Rbf1 Qc8 27. Qe7 1-0


[Site "https://www.chess.com"]

[Event "Titled Tuesday Blitz February 22 Late 2022"]
[White "Tang, Andrew"]
[Black "Erdogdu, Mert"]
[WhiteFideId "2059630"]
[BlackFideId "6301495"]
[WhiteElo "2584"]
[BlackElo "2485"]
[Result "0-1"]
[Round "06"]
[TimeControl "180+1"]
[Date "2022.02.22"]
[WhiteClock "0:00:01"]
[BlackClock "0:00:07"]

1. d4 d5 2. Bf4 e6 3. e3 Bd6 4. Nf3 Nf6 5. Nbd2 O-O 6. Bd3 Bxf4 7. exf4 b6 8. Qe2 c5 9. dxc5 bxc5 10. O-O c4 11. Nxc4 dxc4 12. Bxc4 Bb7 13. Rad1 Qc7 14. Ne5 Nc6 15. Nxf7 Rxf7 16. Bxe6 Kh8 17. Bxf7 Qxf7 18. Rfe1 h6 19. Qe6 Qg6 20. f5 Qg5 21. g3 Re8 22. Qf7 Rxe1+ 23. Rxe1 Ba6 24. Qf8+ Kh7 25. Qd6 Bb7 26. Qd3 Qg4 27. f3 Qb4 28. Qc3 Qb6+ 29. Kg2 Nd4 30. Rf1 Nxf5 31. Qd3 g6 32. Re1 Qxb2 33. g4 Nxg4 34. Qd7+ Qg7 35. Qe6 Bxf3+ 0-1


[Site "https://www.chess.com"]

[Event "Titled Tuesday Blitz February 22 Late 2022"]
[White "Tari, Aryan"]
[Black "Gomez Ledo, Roberto Carlos"]
[WhiteFideId "1510045"]
[BlackFideId "3507076"]
[WhiteElo "2567"]
[BlackElo "2379"]
[Result "0-1"]
[Round "06"]
[TimeControl "180+1"]
[Date "2022.02.22"]
[WhiteClock "0:00:06"]
[BlackClock "0:00:08"]

1. b3 d5 2. Bb2 Bf5 3. Nf3 e6 4. e3 h6 5. d4 Nf6 6. Bd3 c6 7. O-O Nbd7 8. Bxf5 exf5 9. c4 Bd6 10. Qd3 g6 11. Nc3 Bb4 12. Ne2 O-O 13. Nf4 Bd6 14. Ne5 Re8 15. cxd5 Nxd5 16. Nxd5 cxd5 17. f4 Nf6 18. Rac1 a6 19. Rc2 Rc8 20. Rfc1 Rxc2 21. Rxc2 Ne4 22. g3 Kg7 23. b4 f6 24. Nf3 Qd7 25. Qb3 Rc8 26. Ne1 Rxc2 27. Qxc2 Qb5 28. a3 Qc4 29. Qxc4 dxc4 30. Nc2 b5 31. d5 c3 32. Bc1 Bc7 33. Kf1 Kf7 34. Ke2 Ke7 35. Nd4 Kd6 36. Ne6 Bb6 37. Kd3 Kxd5 38. Nf8 g5 39. Nd7 Bd8 40. Nb8 h5 41. Nxa6 Kc6 42. Nc5 Nxc5+ 43. bxc5 Ba5 44. Kd4 c2 45. Kd3 Kxc5 46. Bb2 Bd8 47. Kxc2 Kc4 48. h4 g4 49. Bd4 Be7 50. Bb2 Bd8 51. Bc3 Be7 52. Bb2 Bc5 53. Kd2 Kd5 54. Bxf6 Bxa3 55. Kd3 Bc5 56. Bb2 Bb4 57. Ke2 Ke4 58. Be5 Bc5 59. Bf6 Bxe3 60. Bc3 Bc5 61. Bb2 b4 62. Bg7 b3 63. Bc3 Bd4 64. Kd2 Bxc3+ 65. Kxc3 Kf3 66. Kd4 Kxg3 67. Kc3 Kxf4 68. Kxb3 g3 69. Kc3 g2 70. Kc4 g1=Q 0-1


[Site "https://www.chess.com"]

[Event "Titled Tuesday Blitz February 22 Late 2022"]
[White "Terry, Renato"]
[Black "Fedoseev, Vladimir"]
[WhiteFideId "3803457"]
[BlackFideId "24130737"]
[WhiteElo "2577"]
[BlackElo "2726"]
[Result "1-0"]
[Round "06"]
[TimeControl "180+1"]
[Date "2022.02.22"]
[WhiteClock "0:00:13"]
[BlackClock "0:00:09"]

1. d4 a6 2. a3 h6 3. h3 b5 4. e4 Bb7 5. Bd3 e6 6. Nf3 c5 7. c3 Nf6 8. Qe2 Qc7 9. O-O Be7 10. Nbd2 Nc6 11. e5 Nd5 12. Ne4 c4 13. Bc2 Na5 14. Rb1 f5 15. Nd6+ Bxd6 16. exd6 Qxd6 17. Bxf5 O-O-O 18. Be4 Nf6 19. Bxb7+ Kxb7 20. Ne5 Rhf8 21. Bf4 Qd5 22. Rfe1 Ne8 23. Bg3 Rf6 24. a4 Nb3 25. axb5 axb5 26. Ng4 Rf8 27. Ne5 Nf6 28. Ng6 Rfe8 29. Be5 Qc6 30. Rbd1 Nd5 31. Qe4 Rg8 32. h4 Rde8 33. h5 Ne7 34. Qg4 Nxg6 35. Qxg6 Re7 36. Bg3 Ree8 37. Re5 d6 38. Rxe6 Rxe6 39. Qxe6 Rd8 40. Re1 Rd7 41. Qg8 Rc7 42. Re8 Kb6 43. Rb8+ Ka6 44. Qd8 Rd7 45. Ra8+ Ra7 46. Rc8 Qb6 47. Qe8 Na5 48. Rd8 Nb7 49. Rc8 Na5 50. Qe6 Rc7 51. Rxc7 Qxc7 52. Qxd6+ Qxd6 53. Bxd6 Nc6 54. Bf8 Kb7 55. Bxg7 Kc8 56. Bxh6 Kd7 57. Be3 Ke8 58. g4 Kf7 59. f4 Ne7 60. Kf2 Nd5 61. Kf3 Nb6 62. Ke4 Kf6 63. g5+ Kg7 64. f5 Na4 65. h6+ Kh7 66. g6+ Kg8 67. h7+ Kg7 68. Bf4 1-0


[Site "https://www.chess.com"]

[Event "Titled Tuesday Blitz February 22 Late 2022"]
[White "Thomas, Anysia"]
[Black "Sailer, Mike"]
[WhiteFideId "670472"]
[BlackFideId "2012901"]
[WhiteElo "2002"]
[BlackElo "2109"]
[Result "1/2-1/2"]
[Round "06"]
[TimeControl "180+1"]
[Date "2022.02.23"]
[WhiteClock "0:00:07"]
[BlackClock "0:00:04"]

1. d4 d5 2. c4 Bf5 3. Nf3 e6 4. Nc3 Nc6 5. Bf4 Nf6 6. e3 Bb4 7. Be2 Ne4 8. Qb3 O-O 9. O-O Bxc3 10. bxc3 Na5 11. Qb4 Nxc4 12. Bxc4 dxc4 13. Qxc4 c6 14. Rfd1 Bg4 15. Qb3 Qb6 16. Rab1 Qxb3 17. Rxb3 b6 18. c4 Rfd8 19. Rbd3 f6 20. h3 Bxf3 21. gxf3 Nd6 22. Bxd6 Rxd6 23. c5 bxc5 24. dxc5 Rd5 25. e4 Rxc5 26. Rd7 Rb8 27. Rc7 Rg5+ 28. Kf1 h5 29. f4 Rg6 30. f5 exf5 31. exf5 Rg5 32. h4 Rg4 33. f3 Rg3 34. Kf2 Rh3 35. Rdd7 Rb2+ 36. Ke3 Rhh2 37. Rxg7+ Kh8 38. Rgd7 Rbe2+ 39. Kf4 Rhg2 40. Rd8+ Rg8 41. Rdd7 Rgg2 42. Rh7+ Kg8 43. Rhd7 Kh8 1/2-1/2


[Site "https://www.chess.com"]

[Event "Titled Tuesday Blitz February 22 Late 2022"]
[White "Timofeev, Artyom"]
[Black "Rustemov, Alexander"]
[WhiteFideId "4140419"]
[BlackFideId "4119002"]
[WhiteElo "2583"]
[BlackElo "2691"]
[Result "1/2-1/2"]
[Round "06"]
[TimeControl "180+1"]
[Date "2022.02.22"]
[WhiteClock "0:01:06"]
[BlackClock "0:00:49"]

1. d4 d5 2. c4 c6 3. Nf3 Nf6 4. Nc3 dxc4 5. a4 Bf5 6. Nh4 e6 7. Nxf5 exf5 8. Bg5 Be7 9. Bxf6 Bxf6 10. e3 c5 11. dxc5 Qa5 12. Rc1 Qxc5 13. Nd5 Bxb2 14. Rxc4 Qa5+ 15. Qd2 Nc6 16. Qxa5 Nxa5 17. Rc5 b6 18. Rxa5 bxa5 19. Nc7+ Ke7 20. Nxa8 Bc3+ 21. Kd1 Rxa8 22. Bd3 Rd8 23. Ke2 g6 24. Rc1 Rc8 25. Ba6 Rc6 26. Bb5 Rc7 27. Kd3 Be5 28. Rxc7+ Bxc7 1/2-1/2


[Site "https://www.chess.com"]